[Event "120th Taflfelag Reykjavik-B 2020"]
[Site "Reykjavik"]
[Date "2020.09.14"]
[Round "1.6"]
[White "Jonsson, Gauti Pall"]
[Black "Gudmundsson, Gunnar Erik"]
[Result "1/2-1/2"]
[ECO "B33"]
[WhiteElo "2046"]
[BlackElo "1801"]
[Annotator "ChessBase"]
[PlyCount "137"]
[EventDate "2020.09.13"]
[EventType "tourn"]
[EventCountry "ISL"]
[SourceTitle "playchess.com"]
[Source "ChessBase"]
[SourceQuality "1"]
[TimeControl "40/5400+15:1800+30"]

1. e4 c5 2. Nf3 Nc6 3. d4 cxd4 4. Nxd4 Nf6 5. Nc3 e5 6. Ndb5 d6 7. Bg5 a6 8. Na3 b5 9. Bxf6 gxf6 10. Nd5 f5 11. Bd3 Be6 12. O-O Bxd5 13. exd5 Ne7 14. c3 Bg7 15. Qh5 e4 16. Bc2 Qd7 17. Rae1 O-O 18. g4 fxg4 19. Rxe4 f5 20. Rxg4 Ng6 21. Rg5 Nf4 22. Qf3 Ng6 23. Kh1 Rf6 24. Rfg1 Raf8 25. h4 Kh8 26. h5 Ne5 27. Qg2 R8f7 28. f3 f4 29. Re1 h6 30. Rgxe5 dxe5 31. Rxe5 Re7 32. Rxe7 Qxe7 33. Be4 Qd7 34. Nc2 Rd6 35. Nb4 a5 36. Nd3 Qf7 37. Qg4 Rf6 38. Ne5 Qc7 39. Ng6+ Kg8 40. Bf5 b4 41. Nxf4 Qe5 42. Be6+ Kh7 43. Nd3 Qe2 44. Bf5+ Kg8 45. Qe4 Qd1+ 46. Kg2 Qd2+ 47. Kh3 Qd1 48. Nf4 Qh1+ 49. Kg3 Qg1+ 50. Ng2 Qh1 51. Qe8+ Rf8 52. Qe6+ Kh8 53. Be4 Qxh5 54. Nh4 Be5+ 55. Kh3 Bf6 56. Qg4 Qxg4+ 57. Kxg4 Bxh4 58. Kxh4 Kg7 59. c4 Rc8 60. b3 Kf6 61. Kh5 a4 62. d6 Ke6 63. d7 Rd8 64. Bc6 axb3 65. axb3 Kd6 66. Bb5 Kc7 67. Kxh6 Rf8 68. Kg7 Rxf3 69. Ba4 1/2-1/2

[Event "120th Taflfelag Reykjavik-B 2020"]
[Site "Reykjavik"]
[Date "2020.09.14"]
[Round "1.7"]
[White "Olafsson, Thorvardur"]
[Black "Heidarsson, Arnar Milutin"]
[Result "1-0"]
[ECO "C07"]
[WhiteElo "2111"]
[BlackElo "1965"]
[Annotator "ChessBase"]
[PlyCount "52"]
[EventDate "2020.09.13"]
[EventType "tourn"]
[EventCountry "ISL"]
[SourceTitle "playchess.com"]
[Source "ChessBase"]
[SourceQuality "1"]
[TimeControl "40/5400+15:1800+30"]

1. e4 e6 2. d4 d5 3. Nd2 c5 4. exd5 Qxd5 5. Ngf3 Nc6 6. Bc4 Qd8 7. dxc5 Bxc5 8. Ne4 Qxd1+ 9. Kxd1 Be7 10. Bg5 a6 11. Bxe7 Kxe7 12. c3 Nf6 13. Nxf6 Kxf6 14. Kc2 b5 15. Be2 Bb7 16. Rhd1 Rhd8 17. g3 Rxd1 18. Rxd1 Rd8 19. Rxd8 Nxd8 20. Nd4 e5 21. Nb3 Ke6 22. Nc5+ Kd6 23. b4 f5 24. a4 Bc6 25. a5 Bb7 26. Bxb5 axb5 1-0

[Event "120th Taflfelag Reykjavik-B 2020"]
[Site "Reykjavik"]
[Date "2020.09.14"]
[Round "1.8"]
[White "Johannsson, Birkir Isak"]
[Black "Ptacnikova, Lenka"]
[Result "0-1"]
[ECO "A37"]
[WhiteElo "2146"]
[BlackElo "2117"]
[Annotator "ChessBase"]
[PlyCount "120"]
[EventDate "2020.09.13"]
[EventType "tourn"]
[EventCountry "ISL"]
[SourceTitle "playchess.com"]
[Source "ChessBase"]
[SourceQuality "1"]
[TimeControl "40/5400+15:1800+30"]

1. c4 e5 2. Nc3 c5 3. Nf3 Nc6 4. g3 g6 5. Bg2 Bg7 6. a3 Nge7 7. O-O O-O 8. Rb1 a5 9. Ne1 d6 10. Nc2 Be6 11. Ne3 f5 12. d3 Rb8 13. Bd2 f4 14. Ned5 g5 15. b4 axb4 16. axb4 Nd4 17. e3 f3 18. Bh1 Nxd5 19. cxd5 Bh3 20. Re1 Nf5 21. Bxf3 cxb4 22. Rxb4 Nh6 23. Ne4 Bf5 24. Qe2 g4 25. Bg2 Nf7 26. Reb1 b6 27. Be1 h5 28. Qb2 Qc7 29. Rxb6 Rxb6 30. Qxb6 Qc2 31. Qb3 Qe2 32. Qd1 Qa2 33. Rb6 Bxe4 34. dxe4 Rc8 35. Qb1 Qxb1 36. Rxb1 Ng5 37. f4 gxf3 38. Bh1 Rc2 39. h4 f2+ 40. Kf1 fxe1=Q+ 41. Kxe1 Rh2 42. Rb8+ Bf8 43. hxg5 Rxh1+ 44. Kf2 Rh2+ 45. Kf3 Ra2 46. Re8 Ra7 47. g6 Kg7 48. Re6 Be7 49. Kf2 Rd7 50. Kf3 Bf6 51. Kg2 Kxg6 52. Kf3 Kg5 53. Kg2 Bd8 54. Kf3 Bb6 55. Re8 Rd8 56. Re7 Rf8+ 57. Ke2 Ra8 58. Rg7+ Kf6 59. Rb7 Bc5 60. Rb3 Kg5 0-1

[Event "120th Taflfelag Reykjavik-B 2020"]
[Site "Reykjavik"]
[Date "2020.09.14"]
[Round "1.10"]
[White "Mai, Alexander Oliver"]
[Black "Hardarson, Petur Palmi"]
[Result "1/2-1/2"]
[ECO "B31"]
[WhiteElo "2055"]
[BlackElo "2061"]
[Annotator "ChessBase"]
[PlyCount "72"]
[EventDate "2020.09.13"]
[EventType "tourn"]
[EventCountry "ISL"]
[SourceTitle "playchess.com"]
[Source "ChessBase"]
[SourceQuality "1"]
[TimeControl "40/5400+15:1800+30"]

1. e4 c5 2. Nf3 Nc6 3. Bb5 g6 4. Bxc6 dxc6 5. d3 Bg7 6. h3 Qc7 7. O-O e5 8. a3 a5 9. Nbd2 Ne7 10. Rb1 O-O 11. b4 axb4 12. axb4 cxb4 13. Rxb4 Be6 14. Rb2 Rfd8 15. Qe2 f6 16. Nb3 b6 17. Be3 c5 18. Nfd2 Nc6 19. c3 f5 20. f3 f4 21. Bf2 g5 22. Rfb1 Rd6 23. Nc4 Bxc4 24. dxc4 Rad8 25. Rd2 R8d7 26. Rbd1 Qd8 27. Rd5 Ne7 28. Rxd6 Rxd6 29. Rxd6 Qxd6 30. Qd2 Qxd2 31. Nxd2 Kf7 32. Kf1 Ke6 33. Ke2 Kd6 34. Kd3 Kc6 35. Nb1 Nc8 36. Na3 Nd6 1/2-1/2

[Event "120th Taflfelag Reykjavik-B 2020"]
[Site "Reykjavik"]
[Date "2020.09.17"]
[Round "2.7"]
[White "Ragnarsson, Johann"]
[Black "Mai, Alexander Oliver"]
[Result "0-1"]
[ECO "A68"]
[WhiteElo "1952"]
[BlackElo "2055"]
[Annotator "ChessBase"]
[PlyCount "38"]
[EventDate "2020.09.13"]
[EventType "tourn"]
[EventCountry "ISL"]
[TimeControl "40/5400+15:1800+30"]

1. d4 Nf6 2. c4 g6 3. Nc3 Bg7 4. e4 d6 5. f4 c5 6. d5 O-O 7. Nf3 e6 8. Be2 exd5 9. cxd5 Nbd7 10. e5 dxe5 11. fxe5 Ng4 12. e6 Nde5 13. exf7+ Rxf7 14. O-O Nxf3+ 15. Bxf3 Bd4+ 16. Kh1 Nxh2 17. Qe1 Nxf1 18. d6 Qxd6 19. Ne4 Qh2# 0-1

[Event "120th Taflfelag Reykjavik-B 2020"]
[Site "Reykjavik"]
[Date "2020.09.24"]
[Round "5.7"]
[White "Briem, Benedikt"]
[Black "Olafsson, Thorvardur"]
[Result "1/2-1/2"]
[ECO "B08"]
[WhiteElo "1951"]
[BlackElo "2111"]
[Annotator "NA"]
[PlyCount "48"]
[EventDate "2020.09.13"]
[EventType "tourn"]
[EventCountry "ISL"]
[SourceTitle "playchess.com"]
[Source "ChessBase"]
[SourceQuality "1"]
[TimeControl "40/5400+15:1800+30"]

1. Nf3 Nf6 2. d4 g6 3. Nc3 Bg7 4. e4 d6 5. Bf4 O-O 6. Qd2 Bg4 7. Be2 Nbd7 8. Bh6 c5 9. Bxg7 Kxg7 10. d5 a6 11. O-O b5 12. Nh4 Bxe2 13. Qxe2 e5 14. g3 Ng8 15. Qg4 Ndf6 16. Qf3 Qd7 17. Kg2 Qg4 18. Qxg4 Nxg4 19. h3 N4f6 20. b3 Nd7 21. a4 b4 22. Nd1 Ngf6 23. Re1 a5 24. c4 Ng8 1/2-1/2

[Event "120th Taflfelag Reykjavik-B 2020"]
[Site "Reykjavik"]
[Date "2020.09.24"]
[Round "5.8"]
[White "Mai, Alexander Oliver"]
[Black "Jonsson, Gauti Pall"]
[Result "0-1"]
[ECO "B04"]
[WhiteElo "2055"]
[BlackElo "2046"]
[Annotator "NA"]
[PlyCount "134"]
[EventDate "2020.09.13"]
[EventType "tourn"]
[EventCountry "ISL"]
[SourceTitle "playchess.com"]
[Source "ChessBase"]
[SourceQuality "1"]
[TimeControl "40/5400+15:1800+30"]

1. e4 Nf6 2. e5 Nd5 3. d4 d6 4. Nf3 dxe5 5. Nxe5 g6 6. Be2 Bg7 7. O-O O-O 8. c4 Nb6 9. Nc3 c5 10. Be3 N8d7 11. Nxd7 Nxd7 12. dxc5 Bxc3 13. bxc3 Ne5 14. Qd5 Nc6 15. Qxd8 Rxd8 16. Rab1 Rb8 17. Rb2 Bf5 18. f4 Bd3 19. Kf2 Bxe2 20. Kxe2 Rd7 21. Rfb1 Nd8 22. Bd4 Rc8 23. Ke3 Rc6 24. Rb3 Ra6 25. R1b2 f6 26. Kf3 Ra4 27. Rb4 Rxb4 28. Rxb4 Nc6 29. Rb2 Kf7 30. Ke4 Ke8 31. g4 e5 32. fxe5 fxe5 33. Be3 Na5 34. Rb4 Nc6 35. Rb2 Na5 36. Rb4 Kd8 37. Ra4 Nc6 38. Ra3 Kc7 39. Rb3 Na5 40. Rb1 Nxc4 41. Rf1 Kc6 42. Rf6+ Kb5 43. Bf2 Rd2 44. c6 bxc6 45. a4+ Kxa4 46. Rxc6 Kb3 47. Bxa7 Rxh2 48. Bb8 Re2+ 49. Kd5 Rd2+ 50. Ke4 Rg2 51. Kf3 Rc2 52. Ke4 Rxc3 53. Bxe5 Re3+ 54. Kd4 Nxe5 55. Rb6+ Ka4 56. Kxe3 Nc4+ 57. Kf4 Nxb6 58. Kg5 Nd7 59. Kh6 Kb5 60. Kxh7 Ne5 61. Kg7 Kc5 62. Kf6 Kd5 63. g5 Kd6 64. Kg7 Ke6 65. Kh7 Kf5 66. Kh6 Ng4+ 67. Kg7 Kxg5 0-1

[Event "120th Taflfelag Reykjavik-B 2020"]
[Site "Reykjavik"]
[Date "2020.09.24"]
[Round "5.9"]
[White "Hardarson, Petur Palmi"]
[Black "Heidarsson, Arnar Milutin"]
[Result "1-0"]
[ECO "D85"]
[WhiteElo "2061"]
[BlackElo "1965"]
[Annotator "NA"]
[PlyCount "49"]
[EventDate "2020.09.13"]
[EventType "tourn"]
[EventCountry "ISL"]
[SourceTitle "playchess.com"]
[Source "ChessBase"]
[SourceQuality "1"]
[TimeControl "40/5400+15:1800+30"]

1. d4 Nf6 2. c4 g6 3. Nc3 d5 4. cxd5 Nxd5 5. e4 Nxc3 6. bxc3 Bg7 7. Nf3 c5 8. Bb5+ Bd7 9. Be2 O-O 10. O-O cxd4 11. cxd4 Nc6 12. Be3 Rc8 13. Rb1 Na5 14. d5 b6 15. Ba6 Rc3 16. Bd4 Bxd4 17. Qxd4 Qc7 18. Ne5 Bc8 19. Bb5 Rd8 20. Rfd1 Qc5 21. Qd2 a6 22. Bf1 b5 23. Rdc1 Rxc1 24. Rxc1 Qd6 25. Qxa5 1-0

[Event "120th Taflfelag Reykjavik-B 2020"]
[Site "Reykjavik"]
[Date "2020.09.24"]
[Round "5.10"]
[White "Ragnarsson, Johann"]
[Black "Ptacnikova, Lenka"]
[Result "0-1"]
[ECO "A45"]
[WhiteElo "1952"]
[BlackElo "2117"]
[Annotator "NA"]
[PlyCount "82"]
[EventDate "2020.09.13"]
[EventType "tourn"]
[EventCountry "ISL"]
[SourceTitle "playchess.com"]
[Source "ChessBase"]
[SourceQuality "1"]
[TimeControl "40/5400+15:1800+30"]

1. d4 Nf6 2. Bg5 Ne4 3. Bf4 d5 4. e3 c5 5. c3 cxd4 6. exd4 Nc6 7. Bd3 Nf6 8. h3 g6 9. Qc1 Bf5 10. Bxf5 gxf5 11. Nf3 e6 12. Qc2 Rg8 13. O-O Nh5 14. Bh2 Bd6 15. Ne5 Bxe5 16. dxe5 f4 17. Qxh7 Qg5 18. g4 Nxe5 19. f3 O-O-O 20. Qc2 Qh4 21. Qe2 Nc4 22. Kh1 Ng3+ 23. Bxg3 Qxg3 24. Qh2 Ne3 25. Rf2 Rh8 26. Qxg3 fxg3 27. Re2 Rxh3+ 28. Kg1 Nc4 29. Nd2 Nxb2 30. Nf1 Nd3 31. Rg2 Nf4 32. Rxg3 Ne2+ 33. Kg2 Rh7 34. Re1 Nxg3 35. Nxg3 Kc7 36. Nh5 Kd6 37. f4 Rc8 38. Re3 Rhh8 39. Nf6 Rc4 40. Kg3 Rhc8 41. Kh4 Rxf4 0-1

[Event "120th Taflfelag Reykjavik-B 2020"]
[Site "Reykjavik"]
[Date "2020.09.26"]
[Round "6.7"]
[White "Heidarsson, Arnar Milutin"]
[Black "Ragnarsson, Johann"]
[Result "0-1"]
[ECO "D35"]
[WhiteElo "1965"]
[BlackElo "1952"]
[Annotator "ChessBase"]
[PlyCount "72"]
[EventDate "2020.09.13"]
[EventType "tourn"]
[EventCountry "ISL"]
[SourceTitle "playchess.com"]
[Source "ChessBase"]
[SourceQuality "1"]
[TimeControl "40/5400+15:1800+30"]

1. Nf3 d5 2. d4 e6 3. c4 c6 4. cxd5 exd5 5. Nc3 Bd6 6. Bg5 Nf6 7. e3 Be6 8. Bd3 Nbd7 9. O-O h6 10. Bf4 Nb6 11. Bxd6 Qxd6 12. Ne5 O-O 13. f4 Rad8 14. Qf3 Nc4 15. Bxc4 dxc4 16. Rad1 Qb4 17. Qe2 Rfe8 18. f5 Bd5 19. e4 Nxe4 20. Nxe4 Bxe4 21. Qxe4 f6 22. Qg4 Qxb2 23. Rf2 Qb4 24. Nf3 c3 25. Qf4 c5 26. g3 Rd5 27. Rff1 Re2 28. Qb8+ Kh7 29. Rde1 Rxe1 30. Rxe1 c2 31. Qe8 cxd4 32. Qe4 Qc5 33. Qg4 d3+ 34. Kh1 Rxf5 35. Rc1 Rxf3 36. Qxf3 Qc6 0-1

[Event "120th Taflfelag Reykjavik-B 2020"]
[Site "Reykjavik"]
[Date "2020.09.26"]
[Round "6.9"]
[White "Olafsson, Thorvardur"]
[Black "Mai, Alexander Oliver"]
[Result "1/2-1/2"]
[ECO "C85"]
[WhiteElo "2111"]
[BlackElo "2055"]
[Annotator "ChessBase"]
[PlyCount "62"]
[EventDate "2020.09.13"]
[EventType "tourn"]
[EventCountry "ISL"]
[SourceTitle "playchess.com"]
[Source "ChessBase"]
[SourceQuality "1"]
[TimeControl "40/5400+15:1800+30"]

1. e4 e5 2. Nf3 Nc6 3. Bb5 a6 4. Ba4 Nf6 5. O-O Be7 6. Bxc6 dxc6 7. Qe1 Nd7 8. b3 c5 9. Bb2 Bd6 10. a4 Qe7 11. Na3 b6 12. Nc4 Bb7 13. d3 O-O-O 14. Bc3 g6 15. Nfd2 Rhe8 16. b4 cxb4 17. Nxd6+ Qxd6 18. Nc4 Qe6 19. Bxb4 f5 20. f3 f4 21. Qh4 h5 22. Qg5 a5 23. Ba3 Ba6 24. Nb2 Nf8 25. Bxf8 Rxf8 26. Nd1 Qf6 27. Qxf6 Rxf6 28. Nf2 Rc6 29. c4 Rcd6 30. Rfc1 Rc6 31. Kf1 Kd7 1/2-1/2

[Event "120th Taflfelag Reykjavik-B 2020"]
[Site "Reykjavik"]
[Date "2020.09.26"]
[Round "6.10"]
[White "Johannsson, Birkir Isak"]
[Black "Briem, Benedikt"]
[Result "1-0"]
[ECO "A37"]
[WhiteElo "2146"]
[BlackElo "1951"]
[Annotator "ChessBase"]
[PlyCount "75"]
[EventDate "2020.09.13"]
[EventType "tourn"]
[EventCountry "ISL"]
[SourceTitle "playchess.com"]
[Source "ChessBase"]
[SourceQuality "1"]
[TimeControl "40/5400+15:1800+30"]

1. c4 c5 2. Nf3 Nc6 3. Nc3 e5 4. g3 g6 5. Bg2 Bg7 6. a3 Nge7 7. O-O O-O 8. Rb1 a6 9. b4 d6 10. d3 Rb8 11. b5 axb5 12. Rxb5 f5 13. Bd2 h6 14. Qb1 Qc7 15. Ne1 Be6 16. Qc1 Kh7 17. Rb1 Qd7 18. Nc2 Rfc8 19. Ne3 g5 20. Ned5 Bxd5 21. cxd5 Nd8 22. Nb5 Nf7 23. Qc4 b6 24. Rb3 Rb7 25. Rfb1 Rcb8 26. a4 Ra8 27. h4 Kg6 28. Nc3 Nc8 29. hxg5 hxg5 30. g4 f4 31. Be4+ Kf6 32. Bf5 Qc7 33. a5 Nh6 34. Be6 Qb8 35. f3 Kg6 36. Qe4+ Kf6 37. Qh7 Nf5 38. Qxf5+ 1-0

[Event "120th Taflfelag Reykjavik-B 2020"]
[Site "Reykjavik"]
[Date "2020.09.27"]
[Round "7.6"]
[White "Briem, Benedikt"]
[Black "Gudmundsson, Gunnar Erik"]
[Result "1-0"]
[ECO "D05"]
[WhiteElo "1951"]
[BlackElo "1801"]
[Annotator "ChessBase"]
[PlyCount "105"]
[EventDate "2020.09.13"]
[EventType "tourn"]
[EventCountry "ISL"]
[SourceTitle "playchess.com"]
[Source "ChessBase"]
[SourceQuality "1"]
[TimeControl "40/5400+15:1800+30"]

1. Nf3 Nf6 2. d4 e6 3. e3 b6 4. Bd3 Bb7 5. Nbd2 d5 6. b3 Bd6 7. O-O O-O 8. Bb2 Ne4 9. Qe2 f5 10. Rfc1 Nd7 11. Nf1 Qf6 12. c4 c6 13. c5 Bc7 14. b4 g5 15. b5 bxc5 16. dxc5 e5 17. bxc6 Bxc6 18. Bxe4 fxe4 19. N3d2 Rab8 20. Nb1 Bb5 21. Qd2 Bd3 22. Nc3 Qf7 23. Ba3 Rfe8 24. Na4 Bb5 25. Nc3 Bd3 26. Na4 Rbd8 27. Ng3 d4 28. exd4 exd4 29. Qxg5+ Qg6 30. Qd5+ Qe6 31. Qxe6+ Rxe6 32. Nb2 Bb5 33. Re1 Nf6 34. Nf5 Ba5 35. Red1 Bc3 36. Rac1 Be2 37. Rxc3 Bxd1 38. Rg3+ Kf8 39. Nxd1 Ra6 40. c6+ Kf7 41. c7 Rc8 42. Nd6+ Rxd6 43. Bxd6 Ne8 44. Be5 d3 45. f4 Ke6 46. Rg8 Kd7 47. Kf2 a5 48. Nc3 a4 49. Nxe4 a3 50. Rxe8 Kxe8 51. Nd6+ Kd7 52. Nxc8 Kxc8 53. Ke3 1-0

[Event "120th Taflfelag Reykjavik-B 2020"]
[Site "Reykjavik"]
[Date "2020.09.27"]
[Round "7.7"]
[White "Mai, Alexander Oliver"]
[Black "Johannsson, Birkir Isak"]
[Result "1-0"]
[ECO "C84"]
[WhiteElo "2055"]
[BlackElo "2146"]
[Annotator "ChessBase"]
[PlyCount "133"]
[EventDate "2020.09.13"]
[EventType "tourn"]
[EventCountry "ISL"]
[SourceTitle "playchess.com"]
[Source "ChessBase"]
[SourceQuality "1"]
[TimeControl "40/5400+15:1800+30"]

1. e4 e5 2. Nf3 Nc6 3. Bb5 a6 4. Ba4 Nf6 5. d4 exd4 6. O-O Be7 7. e5 Ne4 8. Nxd4 Nc5 9. Nf5 Ne6 10. Qg4 Bf8 11. Bxc6 dxc6 12. Rd1 Bd7 13. Qf3 Be7 14. Nxe7 Qxe7 15. Nc3 O-O-O 16. Be3 Kb8 17. Rd2 Bc8 18. Rad1 Rxd2 19. Rxd2 Rd8 20. Qd1 Rxd2 21. Qxd2 Qb4 22. b3 b6 23. f3 Kb7 24. Ne4 Qxd2 25. Bxd2 c5 26. Kf2 Kc6 27. c4 a5 28. Ke3 Ba6 29. Kd3 Bc8 30. g4 Kd7 31. Be3 Ke7 32. f4 Nf8 33. f5 g6 34. Bg5+ Kd7 35. Nf6+ Kc6 36. Ke4 b5 37. Bh6 gxf5+ 38. gxf5 Nd7 39. cxb5+ Kxb5 40. Nxh7 c4 41. bxc4+ Kxc4 42. Ng5 Nc5+ 43. Ke3 Bxf5 44. Nxf7 Kd5 45. Bf4 Ne6 46. h4 Bg6 47. Nh6 Nd4 48. Bg3 c5 49. Ng4 Nf5+ 50. Kf4 Ke6 51. Be1 a4 52. Nf6 Ne7 53. h5 Bb1 54. a3 c4 55. Bc3 Nf5 56. Ne4 Bxe4 57. Kxe4 Ng3+ 58. Kd4 Nxh5 59. Kxc4 Nf4 60. Kb5 Kd5 61. Kxa4 Kc4 62. Bb4 Ne6 63. Bd6 Nd4 64. Ka5 Kb3 65. a4 Kc4 66. Kb6 Kd5 67. a5 1-0

[Event "120th Taflfelag Reykjavik-B 2020"]
[Site "Reykjavik"]
[Date "2020.09.27"]
[Round "7.8"]
[White "Hardarson, Petur Palmi"]
[Black "Olafsson, Thorvardur"]
[Result "0-1"]
[ECO "D85"]
[WhiteElo "2061"]
[BlackElo "2111"]
[Annotator "ChessBase"]
[PlyCount "62"]
[EventDate "2020.09.13"]
[EventType "tourn"]
[EventCountry "ISL"]
[SourceTitle "playchess.com"]
[Source "ChessBase"]
[SourceQuality "1"]
[TimeControl "40/5400+15:1800+30"]

1. d4 Nf6 2. c4 g6 3. Nc3 d5 4. cxd5 Nxd5 5. e4 Nxc3 6. bxc3 Bg7 7. Nf3 c5 8. Bb5+ Nc6 9. d5 Qa5 10. Rb1 a6 11. Bxc6+ bxc6 12. O-O O-O 13. Bg5 Re8 14. Qb3 cxd5 15. exd5 Bxc3 16. Rfc1 Bf5 17. Rxc3 Bxb1 18. a3 Rab8 19. Qc4 Ba2 20. Qd3 Rb1+ 21. Bc1 Qxa3 22. Rxa3 Rxc1+ 23. Qf1 Rxf1+ 24. Kxf1 Bxd5 25. Ke1 Bxf3 26. gxf3 Ra8 27. Ra5 c4 28. Ke2 Kg7 29. Ke3 Rc8 30. Kd2 c3+ 31. Kc2 Rc6 0-1

[Event "120th Taflfelag Reykjavik-B 2020"]
[Site "Reykjavik"]
[Date "2020.09.27"]
[Round "7.9"]
[White "Ragnarsson, Johann"]
[Black "Jonsson, Gauti Pall"]
[Result "1-0"]
[ECO "A45"]
[WhiteElo "1952"]
[BlackElo "2046"]
[Annotator "ChessBase"]
[PlyCount "87"]
[EventDate "2020.09.13"]
[EventType "tourn"]
[EventCountry "ISL"]
[SourceTitle "playchess.com"]
[Source "ChessBase"]
[SourceQuality "1"]
[TimeControl "40/5400+15:1800+30"]

1. c3 Nf6 2. d4 g6 3. Bg5 Bg7 4. Bxf6 exf6 5. e4 O-O 6. Nd2 d5 7. exd5 Re8+ 8. Ne2 Qxd5 9. Qb3 Qf5 10. f3 Nc6 11. Ne4 Rxe4 12. fxe4 Qxe4 13. h3 Be6 14. Qb4 b6 15. Qxb6 Rb8 16. Qxc7 Rxb2 17. Qg3 Bd5 18. h4 Bh6 19. Rh3 Qf5 20. Rd1 Na5 21. h5 Bg5 22. hxg6 Nc4 23. gxh7+ Kh8 24. Qd3 Qe6 25. Rb1 Be4 26. Rxb2 Nxb2 27. Qb5 Nd3+ 28. Rxd3 Bxd3 29. Qxd3 Qxa2 30. d5 Qa4 31. d6 Qd7 32. c4 f5 33. Ng3 Qe6+ 34. Be2 f4 35. Ne4 Bh4+ 36. Kd1 a5 37. d7 Bd8 38. Nc3 Qb6 39. Nb5 Qg1+ 40. Bf1 a4 41. Qd4+ Qxd4+ 42. Nxd4 a3 43. Kc2 a2 44. Kb2 1-0

[Event "120th Taflfelag Reykjavik-B 2020"]
[Site "Reykjavik"]
[Date "2020.09.27"]
[Round "7.10"]
[White "Ptacnikova, Lenka"]
[Black "Heidarsson, Arnar Milutin"]
[Result "0-1"]
[ECO "E16"]
[WhiteElo "2117"]
[BlackElo "1965"]
[Annotator "ChessBase"]
[PlyCount "78"]
[EventDate "2020.09.13"]
[EventType "tourn"]
[EventCountry "ISL"]
[SourceTitle "playchess.com"]
[Source "ChessBase"]
[SourceQuality "1"]
[TimeControl "40/5400+15:1800+30"]

1. d4 Nf6 2. g3 e6 3. Bg2 d5 4. Nf3 b6 5. c4 Bb7 6. O-O Nbd7 7. cxd5 exd5 8. Nc3 Be7 9. Bf4 a6 10. Rc1 O-O 11. Na4 c6 12. Qb3 b5 13. Rfd1 Ne4 14. Nc3 Nxc3 15. Qxc3 f6 16. Bh3 Nb6 17. b3 a5 18. Ne1 g5 19. Bd2 Bc8 20. Bf1 Bd7 21. Nd3 Qc7 22. Nc5 Rfc8 23. Qf3 Re8 24. Rc2 Kg7 25. Rdc1 Bxc5 26. Rxc5 Qd6 27. Qh5 Qe6 28. h4 h6 29. Qf3 Nc8 30. hxg5 hxg5 31. a4 b4 32. e3 Nd6 33. Bd3 Ne4 34. R5c2 Rh8 35. Qg2 Rh3 36. Bf1 Rah8 37. Be1 g4 38. Be2 Ng5 39. Bd2 Qf5 0-1

[Event "120th Taflfelag Reykjavik-B 2020"]
[Site "Reykjavik"]
[Date "2020.10.01"]
[Round "8.6"]
[White "Gudmundsson, Gunnar Erik"]
[Black "Heidarsson, Arnar Milutin"]
[Result "1/2-1/2"]
[ECO "D85"]
[WhiteElo "1801"]
[BlackElo "1965"]
[Annotator "ChessBase"]
[PlyCount "82"]
[EventDate "2020.09.13"]
[EventType "tourn"]
[EventCountry "ISL"]
[SourceTitle "playchess.com"]
[Source "ChessBase"]
[SourceQuality "1"]
[TimeControl "40/5400+15:1800+30"]

1. d4 Nf6 2. c4 g6 3. Nc3 d5 4. cxd5 Nxd5 5. e4 Nxc3 6. bxc3 Bg7 7. Be3 c5 8. Nf3 Nc6 9. Qd2 cxd4 10. cxd4 O-O 11. Rc1 Bg4 12. d5 Bxf3 13. gxf3 Ne5 14. Be2 Qd7 15. O-O Qh3 16. Qd1 h5 17. f4 Ng4 18. Bxg4 hxg4 19. Rc7 Rac8 20. Qc2 g3 21. hxg3 Kh7 22. Rc1 Rxc7 23. Qxc7 Rh8 24. Qc2 Bb2 25. Qxb2 Kg8 26. Qxh8+ Kxh8 27. Rc7 Qg4 28. Rxe7 Qd1+ 29. Kg2 f5 30. f3 a5 31. Bf2 b5 32. Rd7 fxe4 33. fxe4 Qd3 34. e5 Qe4+ 35. Kh2 g5 36. e6 gxf4 37. e7 fxg3+ 38. Kxg3 Qe5+ 39. Kg4 Qe4+ 40. Kg5 Qe5+ 41. Kg6 Qg7+ 1/2-1/2

[Event "120th Taflfelag Reykjavik-B 2020"]
[Site "Reykjavik"]
[Date "2020.10.01"]
[Round "8.7"]
[White "Jonsson, Gauti Pall"]
[Black "Ptacnikova, Lenka"]
[Result "1/2-1/2"]
[ECO "B03"]
[WhiteElo "2046"]
[BlackElo "2117"]
[Annotator "ChessBase"]
[PlyCount "154"]
[EventDate "2020.09.13"]
[EventType "tourn"]
[EventCountry "ISL"]
[SourceTitle "playchess.com"]
[Source "ChessBase"]
[SourceQuality "1"]
[TimeControl "40/5400+15:1800+30"]

1. e4 Nf6 2. e5 Nd5 3. d4 d6 4. c4 Nb6 5. exd6 cxd6 6. Nc3 g6 7. Be3 Bg7 8. Qd2 Nc6 9. Rc1 O-O 10. b3 e5 11. d5 Ne7 12. Bd3 Re8 13. Nge2 Bf5 14. O-O Nd7 15. b4 Bxd3 16. Qxd3 Nf5 17. Bd2 e4 18. Nxe4 Ne5 19. Qb3 Qh4 20. N4g3 Ng4 21. h3 Ngh6 22. Qf3 Be5 23. Nxf5 Nxf5 24. Rfe1 Rac8 25. g4 Ng7 26. c5 h5 27. Kg2 hxg4 28. Qxg4 Nf5 29. Bg5 Qh8 30. Ng1 a5 31. a3 Bb2 32. cxd6 Nxd6 33. Rxc8 Rxc8 34. Qd7 Qc3 35. Nf3 Nf5 36. Bf6 Qxf6 37. Qxc8+ Kg7 38. Qc4 Bxa3 39. bxa5 Bb2 40. Rd1 Nd6 41. Qd3 Bc3 42. a6 bxa6 43. Qxa6 Qf4 44. Qd3 Bf6 45. Qe3 Qa4 46. Re1 Qc4 47. Rd1 Qa4 48. Qd3 Qf4 49. Qd2 Qa4 50. Rh1 g5 51. Nxg5 Nf5 52. Nf3 Qe4 53. Qd1 Nh4+ 54. Kg3 Qg6+ 55. Ng5 Qxg5+ 56. Qg4 Be5+ 57. f4 Bxf4+ 58. Kf2 Qxg4 59. hxg4 Ng6 60. Ra1 Kf6 61. Ra6+ Ke7 62. Kf3 Bc7 63. Ke4 Nf8 64. Ra7 Kd6 65. Kf5 Nd7 66. Ra1 Bb6 67. Re1 Bd4 68. g5 Kxd5 69. Rh1 Nf8 70. Rd1 Ng6 71. Kg4 Ke4 72. Rf1 Ne5+ 73. Kh5 Be3 74. Kh6 Nf3 75. Rxf3 Kxf3 76. Kg7 Bxg5 77. Kxf7 Ke4 1/2-1/2

[Event "120th Taflfelag Reykjavik-B 2020"]
[Site "Reykjavik"]
[Date "2020.10.01"]
[Round "8.8"]
[White "Olafsson, Thorvardur"]
[Black "Ragnarsson, Johann"]
[Result "1-0"]
[ECO "A84"]
[WhiteElo "2111"]
[BlackElo "1952"]
[Annotator "ChessBase"]
[PlyCount "81"]
[EventDate "2020.09.13"]
[EventType "tourn"]
[EventCountry "ISL"]
[SourceTitle "playchess.com"]
[Source "ChessBase"]
[SourceQuality "1"]
[TimeControl "40/5400+15:1800+30"]

1. d4 f5 2. Nf3 Nf6 3. c4 e6 4. e3 d5 5. Bd3 c6 6. O-O Bd6 7. b3 Qe7 8. Bb2 O-O 9. Qc1 Ne4 10. Ba3 Bxa3 11. Qxa3 Qf6 12. b4 Nd7 13. Qb2 Qh6 14. Nc3 g5 15. Ne2 Qh5 16. a4 Rf6 17. b5 Rh6 18. Bxe4 dxe4 19. Ng3 Qg6 20. Nd2 f4 21. Ngxe4 Qh5 22. h3 fxe3 23. fxe3 g4 24. Ng3 Qh4 25. Nde4 gxh3 26. Qf2 Rg6 27. Qf7+ Kh8 28. Rf4 h2+ 29. Kh1 Qd8 30. Raf1 e5 31. R4f3 cxb5 32. cxb5 b6 33. Qd5 Rb8 34. Rf8+ Qxf8 35. Rxf8+ Nxf8 36. Qxe5+ Kg8 37. Qxb8 Be6 38. Qxa7 Bd5 39. Qe7 Bf7 40. Nf6+ Kg7 41. Nf5+ 1-0